AoeStats
← Freddy Ferdinant

MegaRandom

510384363Analyzed
4v4 RM · 13h ago on Sep 30, 2026· 52m 19s· 8 players
Game mode
Random Map
Map size
Large (8 player)
Population
200
Speed
Normal
Resources
Standard
Victory
Conquest
Starting age
Dark Age
Ending age
Imperial Age
RankedLock teamsTeams togetherTeam positionsShared explorationLock speedFull tech treeHidden civsTurbo modeCheats
Victory
Defeat
🇦🇷 Hindustanis · Argentina
1002
+14
🇨🇴 Inca · Colombia
999
+14
🇳🇿 Bengalis · New Zealand
985
+14
🇨🇳 Bulgarians · China
958
+15
🇲🇹 Magyars · Malta
989
-45
🇳🇱 Malay · Netherlands
973
-15
🇹🇷 Tupi · Türkiye
936
-38
🇹🇷 Italians · Türkiye
893
-12
julian
12:01 Feudal Age
11:36 Double-Bit Axe
12:11 Loom
15:24 Scale Barding Armor
19:17 Castle Age
17:40 Horse Collar
21:42 Padded Archer Armor
21:33 Fletching
23:46 Crossbowman
24:54 Leather Archer Armor
29:37 Thumb Ring
30:30 Heavy Plow
31:08 Wheelbarrow
31:17 Ballistics
32:16 Hand Cart
36:43 Imperial Age
34:23 Elite Skirmisher
35:04 Gold Mining
35:28 Bow Saw
35:51 Arbalester
37:04 Ring Archer Armor
36:29 Bodkin Arrow
37:39 Elite Karambit Warrior
39:59 Forging
39:49 Bracer
40:14 Conscription
44:41 Iron Casting
48:21 Gold Shaft Mining
EmptyJet7586
5:27 Loom
16:37 Feudal Age
17:58 Double-Bit Axe
18:33 Town Watch
25:07 Castle Age
25:12 Arson
25:12 Man-at-Arms
27:15 Padded Archer Armor
27:06 Fletching
26:55 Long Swordsman
29:38 Husbandry
30:42 Bow Saw
32:29 Gold Mining
32:31 Stone Mining
32:39 Stone Mining
33:42 Horse Collar
33:28 Pikeman
34:15 Scale Mail Armor
41:29 Corvinian Army
43:12 Wheelbarrow
42:44 Heavy Plow
49:29 Scale Barding Armor
49:21 Bodkin Arrow
49:41 Leather Archer Armor
49:42 Chain Mail Armor
49:40 Bloodlines
Freddy Ferdinant
12:11 Feudal Age
12:39 Double-Bit Axe
12:48 Gold Mining
13:36 Horse Collar
15:17 Wheelbarrow
21:56 Castle Age
21:23 Fletching
21:34 Padded Archer Armor
21:48 Loom
21:49 Town Watch
21:57 Crossbowman
22:36 Bodkin Arrow
22:52 Stone Mining
23:40 Gold Shaft Mining
23:19 Bow Saw
23:15 Heavy Plow
24:41 Leather Archer Armor
26:36 Hand Cart
29:09 Ballistics
34:55 Imperial Age
33:54 Murder Holes
34:38 Pikeman
35:19 Squires
35:08 Arson
36:41 Conscription
36:44 Halberdier
38:52 Elite Blackwood Archer
40:09 Hoardings
39:55 Bracer
41:45 Forging
41:35 Scale Mail Armor
42:11 Ring Archer Armor
41:52 Forging
43:48 Curare
45:51 Iron Casting
45:18 Scale Mail Armor
46:44 Two-Man Saw
47:25 Elite Skirmisher
yulaf
3:25 Loom
10:52 Feudal Age
11:18 Horse Collar
16:00 Man-at-Arms
16:18 Man-at-Arms
20:58 Double-Bit Axe
25:10 Castle Age
23:59 Wheelbarrow
23:10 Town Watch
23:54 Double-Bit Axe
25:01 Arson
25:47 Pikeman
27:08 Squires
30:53 Scale Mail Armor
30:57 Elite Skirmisher
33:14 Forging
34:26 Chain Mail Armor
35:03 Padded Archer Armor
34:53 Fletching
35:40 Iron Casting
36:25 Heavy Plow
37:18 Bodkin Arrow
41:27 Imperial Age
40:06 Bow Saw
41:45 Leather Archer Armor
41:25 Bodkin Arrow
42:27 Hand Cart
42:57 Plate Mail Armor
43:30 Blast Furnace
43:17 Conscription
48:17 Two-Man Saw
47:08 Elite Genoese Crossbowman
cj23cajoga
4:53 Loom
13:23 Feudal Age
15:09 Town Watch
18:05 Wheelbarrow
18:26 Champi Runner
19:14 Scale Mail Armor
21:27 Forging
25:43 Castle Age
23:42 Horse Collar
23:47 Double-Bit Axe
26:08 Gold Mining
26:10 Stone Mining
27:57 Heavy Plow
28:08 Bow Saw
28:34 Gold Shaft Mining
28:58 Andean Sling
32:40 Imperial Age
31:51 Stone Shaft Mining
36:50 Hand Cart
38:03 Chain Mail Armor
38:45 Fortified Wall
39:30 Town Patrol
40:42 Coinage
40:14 Caravan
40:26 Guilds
41:00 Fabric Shields
41:22 Conscription
42:59 Crop Rotation
44:01 Banking
44:07 Plate Mail Armor
44:12 Iron Casting
44:08 Plate Mail Armor
44:13 Iron Casting
43:31 Fletching
43:41 Padded Archer Armor
43:32 Fletching
43:44 Andean Sling
44:03 Squires
43:38 Capped Ram
46:21 Siege Ram
48:35 Onager
49:31 Thumb Ring
Wrecking Ball Paul
9:00 Loom
12:15 Feudal Age
19:54 Gold Mining
19:45 Horse Collar
20:16 Stone Mining
20:58 Fletching
21:08 Padded Archer Armor
24:43 Castle Age
30:12 Bodkin Arrow
30:33 Leather Archer Armor
38:26 Imperial Age
36:33 Wheelbarrow
35:44 Town Watch
37:05 Herbal Medicine
43:21 Block Printing
46:36 Elite Elephant Archer
47:39 Bloodlines
47:29 Husbandry
46:52 Elite Battle Elephant
47:37 Heavy Plow
47:27 Double-Bit Axe
47:23 Light Cavalry
48:19 Caravan
50:20 Ballistics
50:11 Masonry
SillyFern495909
10:06 Loom
11:52 Feudal Age
16:40 Castle Age
17:31 Horse Collar
21:23 Double-Bit Axe
21:54 Bloodlines
23:21 Scale Barding Armor
24:26 Forging
26:10 Wheelbarrow
26:21 Bow Saw
26:41 Chain Barding Armor
27:44 Heavy Plow
29:37 Hand Cart
29:10 Town Watch
30:10 Gold Mining
30:12 Stone Mining
31:28 Iron Casting
37:57 Imperial Age
36:38 Gold Shaft Mining
39:49 Plate Barding Armor
39:14 Heavy Camel Rider
40:59 Blast Furnace
41:04 Siege Elephant
43:45 Imperial Camel Rider
48:33 Caravan
/?
7:30 Loom
10:24 Feudal Age
12:58 Double-Bit Axe
19:27 Town Watch
24:03 Castle Age
22:57 Horse Collar
25:59 Squires
26:30 Bow Saw
26:13 Gold Mining
27:24 Heavy Plow
28:45 Stone Mining
29:33 Gold Shaft Mining
29:27 Scale Barding Armor
30:14 Fletching
31:23 Wheelbarrow
30:49 Bodkin Arrow
30:55 Padded Archer Armor
32:32 Leather Archer Armor
38:00 Imperial Age
35:57 Ballistics
36:05 Bloodlines
35:56 Husbandry
38:40 Heavy Cavalry Archer
39:52 Bracer
41:01 Chemistry
41:43 Thumb Ring
43:24 Hand Cart
43:45 Conscription
43:52 Parthian Tactics
44:29 Stirrups
44:49 Light Cavalry
45:42 Hussar
47:31 Forging
47:28 Scale Barding Armor
47:34 Forging
48:08 Siege Engineers
51:55 Crop Rotation
51:29 Scale Mail Armor
52:05 Iron Casting
51:52 Chain Barding Armor
Connection lost

Rejoining the realm…

Still unreachable

The connection could not be restored.

Session expired

The server has moved on; the page needs a fresh start.